 Dungeon Crawl Stone Soup version 0.26-a0-958-gf3041fb45f (webtiles) character file.

Game seed: 10417858226810008409

71 Dracia the Sneak (level 4, -5/28 HPs)
             Began as a Kobold Delver on Dec 1, 2020.
             Slain by an orc
             ... wielding a +0 flail
              (7 damage)
             ... on level 3 of the Dungeon.
             The game lasted 00:03:59 (1271 turns).

Dracia the Sneak (Kobold Delver)                    Turns: 1271, Time: 00:04:00

Health: -5/28      AC:  4    Str:  9    XL:     4   Next: 47%
Magic:  4/4        EV: 14    Int: 11    God:
Gold:   21         SH:  0    Dex: 17    Spells: 3/3 levels left

rFire    . . .     SeeInvis .   a - +0 short sword
rCold    . . .     Faith    .   (shield restricted)
rNeg     . . .     Spirit   .   b - +0 leather armour
rPois    .         Reflect  .   (no helmet)
rElec    .         Harm     .   (no cloak)
rCorr    .         Rampage  .   (no gloves)
MR       .....                  i - +0 pair of boots
Stlth    ++++......             h - amulet of inaccuracy (curse)
HPRegen  0.09/turn              (no ring)
MPRegen  0.09/turn              (no ring)

@: no status effects
A: small, nightstalker 3
a: no special abilities


You were on level 3 of the Dungeon.
You visited 1 branch of the dungeon, and saw 3 of its levels.

You collected 21 gold pieces.


Innate Abilities, Weirdness & Mutations

You are small and have problems with some larger weapons.
You are completely attuned to the shadows.


   Skills:
 - Level 3.2 Fighting
 * Level 5.0 Short Blades
 - Level 2.4 Dodging
 + Level 7.3 Stealth


You had 3 spell levels left.
You didn't know any spells.
Your spell library was empty.

Inventory:

Hand Weapons
 a - a +0 short sword (weapon)
Missiles
 k - 3 boomerangs (quivered)
Armour
 b - a +0 leather armour (worn)
 i - a +0 pair of boots (worn)
Jewellery
 h - a cursed amulet of inaccuracy (around neck)
Wands
 g - a wand of digging (2)
Scrolls
 c - a scroll of fog
 d - a scroll of magic mapping
 e - a scroll of fear
Potions
 f - a potion of haste {@q3}
 j - a potion of flight {unknown}

Dungeon Overview and Level Annotations

Branches:
Dungeon (5/15)
 Temple: D:4-7

Altars:
Qazlal

Annotations:
D:5 Menkaure

## .#..# .l. #.#..#
#.#######.#..# ##
#o..#.....#..##
...#####.#.##..#...##
.......o@oool#.#....(...#
......######.._.....#...#
.......#(....#.#...#.#...
.......# ..###....#._.#..
.......###.######).#.#...
#
.......†............#....
#
##########.######........
# #.....#.# .......###..
# #.#.....#######.## ##.


You could see an orc priest, 3 orcs and a leopard gecko.


Message History

You hit the orc.
The orc is severely wounded.
The orc priest invokes the aid of Beogh against you.
Pain shoots through your body!
* * * LOW HITPOINT WARNING * * *
Unknown command.
The orc barely misses you.
You closely miss the orc priest.
The orc priest hits you with a +0 flail.
* * * LOW HITPOINT WARNING * * *
You barely miss the orc priest. The orc hits you with a +0 flail.
* * * LOW HITPOINT WARNING * * *
The orc priest closely misses you.
You hit the orc priest.
The orc priest is lightly wounded.
The orc barely misses you.
You closely miss the orc priest.
The orc priest is lightly wounded.
The orc priest hits you with a +0 flail.
* * * LOW HITPOINT WARNING * * *
You miss the orc priest.
The orc priest is lightly wounded.
The orc barely misses you.
The orc priest calls down the wrath of Beogh upon you.
Pain shoots through your body!
* * * LOW HITPOINT WARNING * * *
You closely miss the orc priest.
The orc priest is lightly wounded.
The orc hits you with a +0 flail!
You die...

Skill      XL: |  1  2  3  4 |
---------------+-------------+-----
Short Blades   | 3 4 5 |  5.0
Stealth        | 7 |  7.3
Fighting       | |  3.2
Dodging        | |  2.4

Action                   |  1- 3 |  4- 6 || total
-------------------------+-------+-------++-------
Melee: Short sword       |    10 |    72 ||    82
Throw: Boomerang         |       |     1 ||     1
Evoke: Wand              |     1 |       ||     1
  Use: Potion            |       |     1 ||     1
 Stab: Sleeping          |     6 |     3 ||     9
Armor: Leather armour    |       |     7 ||     7
Dodge: Dodged            |     5 |    31 ||    36

Levels and vault maps discovered:
D:3:      layout_basic, lemuel_crystal_altar,
          chequers_ecumenical_altar_simple_redux, grunt_ministairs_4,
          uniq_crazy_yiuf_cottage
D:4:      layout_loops_ring, ebering_ghost_gozag, roderic_lattice_a
D:5:      layout_gridville, nemelex_xobeh_ov_fountains_minmay,
          item_on_display_a, uniq_menkaure

Notes
Turn   | Place    | Note
-------+----------+-------------------------------------------
     0 | D:5      | Dracia the Kobold Delver began the quest for the Orb.
     0 | D:5      | Reached XP level 1. HP: 14/14 MP: 1/1
    13 | D:5      | Noticed Menkaure
    88 | D:5      | Noticed an iguana
   118 | D:5      | Noticed a jelly
   256 | D:5      | Reached skill level 3 in Short Blades
   338 | D:3      | Reached XP level 2. HP: 19/19 MP: 2/2
   366 | D:3      | Reached skill level 4 in Short Blades
   366 | D:3      | Reached skill level 7 in Stealth
   366 | D:3      | Reached XP level 3. HP: 23/23 MP: 3/3
   385 | D:3      | Reached XP level 4. HP: 28/28 MP: 4/4
   928 | D:3      | Reached skill level 5 in Short Blades
  1180 | D:3      | Found a faded altar of an unknown god.
  1219 | D:3      | Found a stormy altar of Qazlal.
  1270 | D:3      | HP: 2/28 [orc priest/nerve-wracking pain (1)]
  1271 | D:3      | Slain by an orc

Vanquished Creatures
  A hound (D:3)
  3 adders (D:3)
  A worm (D:3)
  A leopard gecko (D:5)
  A ball python (D:5)
  2 bats (D:3)
  A frilled lizard (D:3)
  2 kobolds (D:3)
  2 rats (D:3)
14 creatures vanquished.

Table legend: (Time is in decaauts)
 A = Elapsed time spent in this place.
 B = Non-inter-level travel time spent in this place.
 C = Inter-level travel time spent in this place.
 D = Time resting spent in this place.
 E = Time spent auto-exploring this place.
 F = Levels seen in this place.
 G = Mean time per level.
                   A        B        C        D        E       F      G
               +--------+--------+--------+--------+--------+-----+--------+
         Total |   1259 |   1259 |      0 |    364 |    442 |   3 |  419.7 |
       Dungeon |   1259 |   1259 |      0 |    364 |    442 |   3 |  419.7 |
               +--------+--------+--------+--------+--------+-----+--------+

Top non-repeatable levels by time:
     D:3: 981 daAuts
     D:5: 275 daAuts
     D:4: 2 daAuts

Table legend:
 A = Non-vault XP
 B = Vault XP
 C = Vault XP percentage of total XP
 D = Non-vault monster count
 E = Vault monster count
 F = Vault count percentage of total count
                 A         B        C        D         E       F
            +---------+---------+-------+---------+---------+-------
      Total |     102 |       0 |   0.0 |      14 |       0 |   0.0
            +---------+---------+-------+---------+---------+-------
        D:3 |      97 |       0 |   0.0 |      12 |       0 |   0.0
        D:5 |       5 |       0 |   0.0 |       2 |       0 |   0.0
            +---------+---------+-------+---------+---------+-------
